 Dungeon Crawl Stone Soup version 0.25-a0-458-g6fc7858b95 (webtiles) character file.

Game seed: 14809934364851615177, levelgen mode: deterministic

501 ReteAZ the Covert (level 6, -4/46 HPs)
             Began as a Vampire Assassin on Feb 2, 2020.
             Was an Initiate of Wu Jian.
             Slain by a steam dragon (6 damage)
             ... on level 6 of the Dungeon.
             The game lasted 00:07:20 (4357 turns).

ReteAZ the Covert (Vampire Assassin)                Turns: 4357, Time: 00:07:21

Health: -4/46      AC:  6    Str: 10    XL:     6   Next: 95%
Magic:  6/6        EV: 11    Int: 19    God:    Wu Jian [......]
Gold:   458        SH:  0    Dex: 17    Spells: 5/5 levels left

rFire    . . .     SeeInvis +   a - +2 dagger
rCold    . . .     Gourm    .   (no shield)
rNeg     . . .     Faith    .   r - +0 ring mail (curse)
rPois    .         Spirit   .   (no helmet)
rElec    .         Reflect  .   c - +0 cloak
rCorr    .         Harm     .   (no gloves)
MR       +....                  (no boots)
Stlth    ++++......             (no amulet)
HPRegen  0.35/turn              s - ring of protection from magic
MPRegen  0.10/turn              (no ring)

@: brilliant, regenerating quickly, hasted, very quick
A: no food, fangs 3, see invisible, unbreathing
a: Exsanguinate, Renounce Religion


You were on level 6 of the Dungeon.
You worshipped Wu Jian.
Wu Jian was noncommittal.
You were alive.

You visited 1 branch of the dungeon, and saw 6 of its levels.

You collected 458 gold pieces.

Inventory:

Hand Weapons
 a - a +2 dagger (weapon)
Missiles
 d - 46 poisoned darts (quivered)
 e - 2 curare-tipped darts
Armour
 b - a +0 robe
 c - a +0 cloak (worn)
 r - a cursed +0 ring mail (worn)
Jewellery
 s - a ring of protection from magic (left hand)
Scrolls
 f - 3 scrolls of teleportation {unknown}
 g - 3 scrolls of random uselessness {unknown}
 j - 2 scrolls of remove curse {unknown}
 l - a scroll of blinking {unknown}
 n - 2 scrolls of identify {unknown}
 p - a scroll of enchant armour {unknown}
 t - a scroll of magic mapping {unknown}
Potions
 h - a potion of brilliance
 i - a potion of heal wounds {unknown}
 k - a potion of mutation {unknown}
 m - 2 potions of haste
 o - a potion of agility {unknown}
 q - a potion of degeneration {unknown}
 u - a potion of lignification {unknown}


   Skills:
 + Level 2.9 Fighting
 + Level 4.1 Short Blades
 - Level 1.6 Throwing
 + Level 2.8 Dodging
 - Level 10.2 Stealth


You had 5 spell levels left.
You didn't know any spells.
Your spell library contained the following spells:

 Spells                   Type           Power        Failure   Level  Hunger
 Corona                   Hex            ##.....      6%          1    N/A
 Ensorcelled Hibernation  Hex/Ice        ##....       10%         2    N/A
 Confusing Touch          Hex            ##......     17%         3    N/A
 Dazzling Flash           Conj/Hex       ##....       17%         3    N/A
 Tukima's Dance           Hex            ##......     17%         3    N/A

Dungeon Overview and Level Annotations

Branches:
Dungeon (6/15)             Temple (0/1) D:4

Altars:
Sif Muna
Wu Jian
Xom


Innate Abilities, Weirdness & Mutations

You do not eat.
Your natural rate of healing is unusually fast.
You have razor-sharp teeth.
You have supernaturally acute eyesight. (SInv)
You can survive without breathing.


Message History

A centaur comes into view.
The centaur wields a +0 shortbow.
The centaur shoots an arrow.
The arrow hits you!
* * * LOW HITPOINT WARNING * * *
The steam dragon breathes steam at you. The ball of steam hits you.
* * * LOW HITPOINT WARNING * * *
You see here an arrow.
The steam dragon bites you!
* * * LOW HITPOINT WARNING * * *
The steam dragon barely misses you.
It was a potion of brilliance.
You feel clever all of a sudden.
A giant cockroach comes into view.
The steam dragon bites you.
* * * LOW HITPOINT WARNING * * *
The steam dragon claws you but does no damage.
It was a potion of haste.
You feel yourself speed up. The steam dragon bites you.
You die...

#.# ## #.# . #.# #.
..c #. #.# # #.. #ยง#
...#..###.#
.........(###### # #
#.#.$s...D@...# .#.
#.#########.# #.# #
#.# #.# ##.## #.#
########...## #.#
.........#..# #.####
######.###.######.....
##.## ##....<..####
#.## ##.####.....


You could see a steam dragon and a giant cockroach.

Vanquished Creatures
  Sigmund (D:4)
  2 orc wizards (D:4)
  A centaur skeleton (D:4)
  2 worker ants (D:4)
  An iguana (D:4)
  2 gnolls
  6 adders
  2 oozes
  An adder skeleton (D:5)
  2 worms
  2 dart slugs
  6 leopard geckos
  2 orcs (D:4)
  9 bats
  6 giant cockroaches
  7 goblins
  6 hobgoblins
  4 jackals (D:4)
  5 kobolds
  3 quokkas
  3 frilled lizards
  A quokka skeleton (D:4)
  12 rats
86 creatures vanquished.

Vanquished Creatures (others)
  An orc wizard (D:4)
1 creature vanquished.

Grand Total: 87 creatures vanquished

Notes
Turn   | Place    | Note
-------+----------+-------------------------------------------
     0 | D:1      | ReteAZ the Vampire Assassin began the quest for the Orb.
     0 | D:1      | Reached XP level 1. HP: 16/16 MP: 1/1
   116 | D:1      | Reached skill level 6 in Stealth
   163 | D:1      | Reached XP level 2. HP: 22/22 MP: 2/2
   167 | D:1      | Found a shimmering altar of Xom.
   860 | D:1      | Reached XP level 3. HP: 27/27 MP: 3/3
   939 | D:2      | Reached skill level 7 in Stealth
  1155 | D:2      | Reached XP level 4. HP: 28/33 MP: 4/4
  1436 | D:2      | Reached skill level 8 in Stealth
  2480 | D:4      | Reached skill level 9 in Stealth
  2480 | D:4      | Reached XP level 5. HP: 38/38 MP: 5/5
  3115 | D:4      | Reached XP level 6. HP: 35/45 MP: 6/6
  3347 | D:4      | Noticed Sigmund
  3349 | D:4      | Killed Sigmund
  3349 | D:4      | Reached skill level 10 in Stealth
  3532 | D:4      | Found a shimmering blue altar of Sif Muna.
  3587 | D:4      | Found an ornate altar of the Wu Jian Council.
  3595 | D:4      | Became a worshipper of the Wu Jian Council
  3657 | D:4      | Found a staircase to the Ecumenical Temple.
  3685 | D:5      | Entered Level 5 of the Dungeon
  4344 | D:6      | Noticed a steam dragon
  4354 | D:6      | HP: 2/46 [steam dragon (7)]
  4357 | D:6      | Slain by a steam dragon

Levels and vault maps discovered:
D:1:      dpeg_arrival_ratfight, layout_basic, minivault_27, xom_teletrap_fun
D:2:      minmay_skewed_foursquare, layout_basic
D:3:      layout_loops_ring, first_ration
D:4:      layout_loops_corners, kennysheep_mini, lemuel_coloured_pillars_altar,
          minmay_temple_entry_fiery, uniq_sigmund
D:5:      layout_cave_pools, grunt_decor_mini_mirrors
D:6:      layout_loops_ring, overflow_temple_1_default,
          chequers_serial_rivers_small_b, fedhas_bush_and_centaur_altar

Skill      XL: |  1  2  3  4  5  6 |
---------------+-------------------+-----
Stealth        | 6 7 9 10 | 10.2
Fighting       | 2 |  2.9
Short Blades   | 3 4 |  4.1
Dodging        | 2 |  2.8
Throwing       | |  1.6

Action                   |  1- 3 |  4- 6 || total
-------------------------+-------+-------++-------
Melee: Dagger            |    87 |   152 ||   239
       Bite              |     2 |    17 ||    19
Throw: Dart              |     1 |     2 ||     3
Invok: Lunge             |       |     6 ||     6
  Use: Potion            |       |     2 ||     2
 Stab: Sleeping          |    15 |    22 ||    37
       Distracted        |       |     1 ||     1
Armor: Robe              |    24 |    16 ||    40
       Ring mail         |       |    16 ||    16
Dodge: Dodged            |    54 |    57 ||   111

Table legend:
 A = Non-vault XP
 B = Vault XP
 C = Vault XP percentage of total XP
 D = Non-vault monster count
 E = Vault monster count
 F = Vault count percentage of total count
                 A         B        C        D         E       F
            +---------+---------+-------+---------+---------+-------
      Total |     473 |     243 |  33.9 |      75 |      12 |  13.8
            +---------+---------+-------+---------+---------+-------
        D:1 |      40 |       5 |  11.1 |      23 |       5 |  17.9
        D:2 |      59 |      26 |  30.6 |      13 |       6 |  31.6
        D:3 |      44 |       0 |   0.0 |      15 |       0 |   0.0
        D:4 |     269 |     212 |  44.1 |      17 |       1 |   5.6
        D:5 |      46 |       0 |   0.0 |       6 |       0 |   0.0
        D:6 |      15 |       0 |   0.0 |       1 |       0 |   0.0
            +---------+---------+-------+---------+---------+-------
